 Dungeon Crawl Stone Soup version 0.24.0-5-g267a8d59f4 (webtiles) character file.

Game seed: 8377917556161571382, levelgen mode: deterministic

56 Madoushi the Chopper (level 3, -3/34 HPs)
             Began as a Minotaur Berserker on Oct 29, 2019.
             Was a Believer of Trog.
             Slain by an adder (4 damage)
             ... on level 2 of the Dungeon on Nov 1, 2019.
             The game lasted 00:02:02 (1185 turns).

Madoushi the Chopper (Minotaur Berserker)           Turns: 1185, Time: 00:02:03

Health: -3/34      AC:  2    Str: 22    XL:     3   Next: 71%
Magic:  2/2        EV: 12    Int:  4    God:    Trog [**....]
Gold:   186        SH:  0    Dex: 12    Spells: 2/2 levels left

rFire    . . .     SeeInvis .   a - +0 hand axe
rCold    . . .     Gourm    .   (no shield)
rNeg     . . .     Faith    .   b - +0 animal skin
rPois    .         Spirit   .   (helmet restricted)
rElec    .         Reflect  .   (no cloak)
rCorr    .         Harm     .   (no gloves)
MR       ++...                  (no boots)
Stlth    +.........             k - amulet of inaccuracy (curse)
HPRegen  1.11/turn              g - +3 ring of dexterity
MPRegen  0.08/turn              (no ring)

@: lethally poisoned (-3 -> -3), regenerating
A: retaliatory headbutt, horns 2
a: Berserk, Trog's Hand, Renounce Religion


You were on level 2 of the Dungeon.
You worshipped Trog.
Trog was pleased with you.
You were very hungry.

You visited 1 branch of the dungeon, and saw 2 of its levels.

You collected 186 gold pieces.

Inventory:

Hand Weapons
 a - a +0 hand axe (weapon)
Armour
 b - a +0 animal skin (worn)
Jewellery
 g - a +3 ring of dexterity (left hand)
 k - a cursed amulet of inaccuracy (around neck)
Wands
 m - a wand of digging (7)
Scrolls
 d - 4 scrolls of teleportation {unknown}
 e - a scroll of amnesia {unknown}
 f - 3 scrolls of magic mapping {unknown}
 j - 3 scrolls of remove curse {unknown}
 l - 3 scrolls of identify {unknown}
 n - a scroll of fear {unknown}
Potions
 h - 3 potions of agility {unknown}
 i - a potion of resistance {unknown}
Comestibles
 c - 3 rations


   Skills:
 + Level 4.5 Fighting
 + Level 4.6 Axes
 + Level 2.6 Armour
 + Level 2.5 Dodging
 + Level 0.2 Stealth


You had 2 spell levels left.
You didn't know any spells.
Your spell library was empty.

Dungeon Overview and Level Annotations

Branches:
Dungeon (2/15)

Altars:


Innate Abilities, Weirdness & Mutations

You reflexively headbutt those who attack you in melee.
You have a pair of horns on your head.


Message History

You feel sick. The adder closely misses you.
You barely miss the adder.
The adder is heavily wounded.
You feel sick. The adder barely misses you. The adder bites you.
* * * LOW HITPOINT WARNING * * *
You barely miss the adder. Your headbutt misses the adder.
The adder is heavily wounded.
* * * LOW HITPOINT WARNING * * *
You feel sick. The adder bites you.
* * * LOW HITPOINT WARNING * * *
Your skin crawls.
You feel resistant to hostile enchantments.
You are feeling very hungry.
The adder bites you.
* * * LOW HITPOINT WARNING * * *
You barely miss the adder. Your headbutt misses the adder.
The adder is moderately wounded.
* * * LOW HITPOINT WARNING * * *
You feel sick. The adder bites you.
You die...

## .# .# #..######## .#
#.....S@..# # .# ##<..####.#####
.. .## .# ###..........##.... ...
.# ###########....#........... ##
#......)....#...##......... #
#...........#.#....##...... #####
#...............####.......
....#######.........#..###.##....
.##.....###.###.#...##...#.##....


You could see an adder.

Vanquished Creatures
  2 adders (D:2)
  A worm (D:2)
  A dart slug (D:1)
  2 giant cockroaches
  6 goblins
  3 hobgoblins
  8 bats
  A frilled lizard (D:1)
  5 kobolds
  4 rats (D:2)
33 creatures vanquished.

Notes
Turn   | Place    | Note
-------+----------+-------------------------------------------
     0 | D:1      | Madoushi the Minotaur Berserker began the quest for the
                  | Orb.
     0 | D:1      | Reached XP level 1. HP: 19/19 MP: 0/0
    84 | D:1      | Reached XP level 2. HP: 24/27 MP: 1/1
   754 | D:2      | Reached XP level 3. HP: 13/34 MP: 2/2
   764 | D:2      | Upgraded the game from 0.24.0-2-g5b39cebb1c to
                  | 0.24.0-5-g267a8d59f4
   779 | D:2      | Reached ** piety under Trog
  1184 | D:2      | HP: 1/34 [adder (2)]
  1185 | D:2      | Slain by an adder

Levels and vault maps discovered:
D:1:      doesnt_arrival_eight_statues, layout_basic
D:2:      layout_rooms

Skill      XL: |  1  2 |
---------------+-------+-----
Axes           | 4 |  4.6
Fighting       | 4 |  4.5
Armour         | |  2.6
Dodging        | |  2.5
Stealth        | |  0.2

Action                   || total
-------------------------++-------
Melee: Hand axe          ||    65
       Headbutt          ||     9
Invok: Trog's Hand       ||     1
Armor: Animal skin       ||    11
Dodge: Dodged            ||    45
